 Dungeon Crawl Stone Soup version 0.29.1-2-gbd0b4ee654 (webtiles) character file.

Game seed: 6349996353470863692

39 KittyFluff the Trooper (level 3, -2/36 HPs)
             Began as a Gargoyle Berserker on Nov 14, 2022.
             Was a Follower of Trog.
             Slain by a gnoll
             ... wielding a +0 halberd
              (8 damage)
             ... on level 2 of the Dungeon.
             The game lasted 00:04:02 (909 turns).

KittyFluff the Trooper (Gargoyle Berserker)          Turns: 909, Time: 00:04:03

Health: -2/36      AC:  6    Str: 20    XL:     3   Next: 45%
Magic:  3/3        EV: 12    Int:  7    God:    Trog [*.....]
Gold:   15         SH:  5    Dex: 11    Spells: 2/2 levels left

rFire   . . .      SeeInvis .   a - +0 mace
rCold   . . .      Faith    .   (no shield)
rNeg    + . .      Spirit   .   b - +0 animal skin
rPois   ∞          Reflect  +   (no helmet)
rElec   +          Harm     .   (no cloak)
rCorr   .          Rampage  .   (no gloves)
Will    .....                   d - +0 pair of boots
Stlth   ..........              g - amulet of reflection
HPRegen 0.12/turn               (no ring)
MPRegen 0.08/turn               (no ring)

@: berserking, very quick
A: sickness immunity, AC +3, negative energy resistance 1, electricity
resistance, torment resistance 1, petrification resistance
a: Renounce Religion, Berserk


You were on level 2 of the Dungeon.
You worshipped Trog.
Trog was aware of your devotion.
You visited 1 branch of the dungeon, and saw 2 of its levels.

You collected 15 gold pieces.

Inventory:

Hand Weapons
 a - a +0 mace (weapon)
Missiles
 n - 3 curare-tipped darts (quivered)
Armour
 b - a +0 animal skin (worn)
 d - a +0 pair of boots (worn)
Jewellery
 g - an amulet of reflection (around neck)
Scrolls
 c - a scroll of identify {unknown}
 e - a scroll of teleportation {unknown}
 i - a scroll of amnesia {unknown}
 j - a scroll of butterflies {unknown}
 k - a scroll of vulnerability {unknown}
Potions
 f - a potion of heal wounds {unknown}
 h - a potion of lignification {unknown}
 l - a potion of invisibility {unknown}
 m - a potion of curing {unknown}


   Skills:
 + Level 3.7 Fighting
 + Level 3.4 Maces & Flails
 * Level 2.9 Armour
 + Level 1.8 Dodging


You had 2 spell levels left.
You didn't know any spells.
Your spell library was empty.

Dungeon Overview and Level Annotations

Branches:
Dungeon (2/15)

Altars:
Okawaru

Shops:
D:1 ?=?*:


Innate Abilities, Weirdness & Mutations

You are immune to sickness and miasma.
Your stone body is resilient. (AC +3)
You are immune to poison.
You resist negative energy. (rN+)
You are resistant to electric shocks. (rElec)
You are resistant to unholy torment.
You are immune to petrification.


Message History

The gnoll is severely wounded.
The gnoll shouts!
The gnoll hits you with a +0 club.
You sock the gnoll!
You kill the gnoll!
Trog accepts your kill.
An adder comes into view.
You block the kobold's attack.
A gnoll comes into view. It is wielding a +0 halberd.
You hit the kobold.
You kill the kobold!
Trog accepts your kill. You block the adder's attack.
You hit the adder.
The adder is moderately wounded.
The gnoll completely misses you. The adder bites you but does no damage.
You closely miss the adder.
The adder is moderately wounded.
The adder closely misses you.
The gnoll hits you from afar with a +0 spear!
The adder bites you but does no damage.
You barely miss the adder. Your punch misses the adder.
The adder is moderately wounded.
The gnoll hits you from afar with a +0 spear.
The adder barely misses you.
A red film seems to cover your vision as you go berserk!
You feel yourself moving faster!
You feel mighty! The adder misses you. The adder bites you.
You barely miss the adder.
The adder is moderately wounded.
The adder barely misses you.
You barely miss the adder.
The adder is moderately wounded.
The gnoll hits you from afar with a +0 halberd!
* * * LOW HITPOINT WARNING * * *
You thump the adder!
You kill the adder!
Trog accepts your kill.
The gnoll hits you from afar with a +0 halberd!
You die...

#### #.. #.#
#######.####..>
#
#..............
######
##.####.####....
.....#####..#
#.# .
......<....##
#@# ..#...>.).##
#)# #.....###.#
#Kg.$.#
##..#.......


gg....... #...#####........###.... #.#... ##.##g..## .## #.####. .###.. # .. ##
... #..# You could see 3 gnolls and a kobold.

Vanquished Creatures
  A gnoll (D:2)
  2 adders (D:2)
  A dart slug (D:1)
  2 bats (D:1)
  A giant cockroach (D:1)
  2 hobgoblins
  3 jackals (D:1)
  A quokka (D:2)
  A ball python (D:1)
  3 kobolds
  2 rats
19 creatures vanquished.

Notes
Turn   | Place    | Note
-------+----------+-------------------------------------------
     0 | D:1      | KittyFluff the Gargoyle Berserker began the quest for the
                  | Orb.
     0 | D:1      | Reached XP level 1. HP: 14/14 MP: 1/1
    38 | D:1      | Found Huasmutt's Assorted Antiques.
   163 | D:1      | Found Fekuaxikka's Book Shoppe.
   412 | D:1      | Reached XP level 2. HP: 19/19 MP: 2/2
   555 | D:1      | Found Deneg's Magic Scroll Shop.
   763 | D:1      | Found Sokkoo's Jewellery Shoppe.
   765 | D:1      | Found Cedgh's Magic Scroll Shop.
   808 | D:2      | Found a faded altar of an unknown god.
   811 | D:2      | Found an iron altar of Okawaru.
   851 | D:2      | Reached XP level 3. HP: 20/24 MP: 3/3
   909 | D:2      | Slain by a gnoll

Illustrated notes

Levels and vault maps discovered:
D:1:      minmay_arrival_wavy_path, layout_basic, serial_shops, shop, shop,
          nicolae_shop_temple_entry_statues_fountains, nicolae_diamond_shop,
          shop, minmay_misc_feat_nine_boxes
D:2:      layout_rooms, chequers_ecumenical_altar_island, basic_altar,
          minmay_fountain_box, kennysheep_doodads, uniq_robin

Action                   || total
-------------------------++-------
Melee: Mace              ||    74
Invok: Berserk           ||     1
Armor: Animal skin       ||    28
Dodge: Dodged            ||    66
Block: Other             ||     4
